 Dungeon Crawl Stone Soup version 0.31.0-4-g52a2dc7128 (webtiles) character file.

Game seed: 1702294926161678282

946 hikkokomori the Trooper (level 8, -5/51 HPs)
             Began as a Gargoyle Reaver on Jan 23, 2024.
             Was a Priest of Makhleb.
             Slain by a mummy (11 damage)
             ... in an ossuary.
             The game lasted 00:11:46 (4076 turns).

hikkokomori the Trooper (Gargoyle Reaver)           Turns: 4076, Time: 00:11:46

Health: -5/51      AC: 11    Str: 16    XL:     8   Next: 13%
Magic:  12/12      EV: 11    Int: 22    God:    Makhleb [***...]
Gold:   340        SH:  0    Dex: 14    Spells: 9/12 levels left

rFire   + . .        q - +4 dagger "Tosuh" {drain, rCorr Dex+6}
rCold   + . .        (no shield)
rNeg    + . .        b - +0 leather armour
rPois   ∞            r - +2 hat
rElec   +            o - scarf {rC+ rF+}
rCorr   +            f - +0 pair of gloves
SInv    .            (no boots)
Will    .....        c - amulet of faith
Stlth   +++          j - +6 ring of intelligence
HPRegen 0.28/turn    (no ring)
MPRegen 0.13/turn

%: faith
@: no status effects
A: sickness immunity, AC +5, negative energy resistance 1, electricity
resistance, torment resistance 1, petrification resistance
a: Renounce Religion, Minor Destruction, Lesser Servant of Makhleb


You were in an ossuary.
You worshipped Makhleb.
Makhleb was most pleased with you.
You visited 1 branch of the dungeon, and saw 5 of its levels.
You also visited: Ossuary.

You collected 340 gold pieces.

Inventory:

Hand Weapons
 a - a +0 hand axe
 h - a +5 dagger
 q - the +4 dagger "Tosuh" (weapon) {drain, rCorr Dex+6}
   (You found it on level 2 of the Dungeon)

   Dex+6:     It affects your dexterity (+6).
   rCorr:     It protects you from acid and corrosion.
Armour
 b - a +0 leather armour (worn)
 f - a +0 pair of gloves (worn)
 n - a scarf of shadows
 o - a scarf of resistance (worn)
 r - a +2 hat (worn)
Jewellery
 c - an amulet of faith (around neck)
 j - a +6 ring of intelligence (left hand)
Scrolls
 d - 3 scrolls of noise
Potions
 k - a potion of enlightenment {unknown}
 l - a potion of curing
 s - 3 potions of heal wounds


   Skills:
 + Level 5.9 Fighting
 + Level 4.0 Short Blades
 - Level 3.2 Axes
 - Level 1.6 Dodging
 + Level 5.2 Stealth
 - Level 2.7 Spellcasting
 - Level 4.0 Conjurations
 - Level 0.1 Invocations


You had 9 spell levels left.
You knew the following spells:

 Your Spells              Type           Power      Damage    Failure   Level
a - Kiss of Death         Conj/Necr      44%        2d8       7%          1
b - Momentum Strike       Conj/Tloc      22%        3d8       11%         2

Your spell library contained the following spells:

 Spells                   Type           Power      Damage    Failure   Level
 Hailstorm                Conj/Ice       11%        3d6       21%         3
 Tukima's Dance           Hex            3%         N/A       43%         3
 Passage of Golubria      Tloc           3%         N/A       83%         4
 Yara's Violent Unravell  Hex/Alch       1%         3d3       99%         5


Dungeon Overview and Level Annotations

Branches:
Dungeon (5/15)            Ossuary (1/1)
 Temple: D:4-7

Altars:
Cheibriados
Fedhas
Gozag
Makhleb
Okawaru
Sif Muna
Vehumet
The Shining One

Shops:
D:1 (   D:5 *

Annotations:
D:2 1 runed translucent door, Crazy Yiuf


Innate Abilities, Weirdness & Mutations

You are immune to sickness and miasma.
Your stone body is resilient. (AC +5)
You are immune to poison.
You resist negative energy. (rN+)
You are resistant to electric shocks. (rElec)
You are resistant to unholy torment.
You are immune to petrification.


Message History

The orc attacks as it pursues you! The orc closely misses you.
The orc hits you from afar with a +0 trident.
* * * LOW HITPOINT WARNING * * *
Found an iron altar of Okawaru.
The orc priest looks braver for a moment.
Found a sand-covered staircase.
There is an open door here.
There is a sand-covered staircase here.
The world spins around you as you enter the gateway.
You enter an ossuary!
Found a gate leading back out of this place.
There is an empty arch of ancient stone here.
You start resting.
A mummy and a bullfrog zombie come into view.
The bullfrog zombie moves out of view.
You hit the mummy but do no damage. Your punch misses the mummy.
You hit the mummy.
The mummy is lightly damaged.
The mummy hits you.
* * * LOW HITPOINT WARNING * * *
You hit the mummy but do no damage.
The mummy is lightly damaged.
You hit the mummy.
The mummy is moderately damaged.
The mummy hits you.
* * * LOW HITPOINT WARNING * * *
You hit the mummy.
The mummy is moderately damaged.
You hit the mummy but do no damage.
The mummy is moderately damaged.
The mummy closely misses you.
You completely miss the mummy.
The mummy is moderately damaged.
You hit the mummy.
The mummy is heavily damaged.
You puncture the mummy!
The mummy is severely damaged.
The mummy hits you but does no damage.
A demon appears!
The mummy hits you!
You die...

+#+#+
....
##M##
#..@#
#.∩.#
#..4#
#####


You could see a mummy (ally target) and a friendly hellwing (summoned).

Vanquished Creatures
  Grinder (D:5)
  A scorpion (D:4)
  2 bombardier beetles
  3 hounds (D:4)
  An orc priest (D:3)
  Natasha (thrice) (D:4)
  4 iguanas
  3 orc wizards
  8 gnolls
  5 adders
  3 dart slugs (D:1)
  3 ribbon worms
  19 orcs
  5 endoplasms
  3 giant cockroaches
  3 goblins
  9 hobgoblins
  3 quokkas
  8 ball pythons
  9 bats
  3 frilled lizards
  8 kobolds
  3 rats
110 creatures vanquished.

Notes
Turn   | Place    | Note
-------+----------+-------------------------------------------
     0 | D:1      | hikkokomori the Gargoyle Reaver began the quest for the
                  | Orb.
     0 | D:1      | Reached XP level 1. HP: 12/12 MP: 3/3
   192 | D:1      | Reached XP level 2. HP: 10/18 MP: 5/5
   393 | D:1      | Found Wuonloapp's Weapon Shop.
   559 | D:1      | Reached XP level 3. HP: 22/22 MP: 6/6
   985 | D:2      | Reached XP level 4. HP: 14/28 MP: 7/7
  1130 | D:2      | Found a faded altar of an unknown god.
  1188 | D:2      | Prayed at the altar of an unknown god.
  1188 | D:2      | Became a worshipper of Makhleb the Destroyer
  1188 | D:2      | Reached * piety under Makhleb
  1208 | D:2      | Identified the +4 dagger "Tosuh" {drain, rCorr Dex+6}
  1659 | D:2      | Found a runed translucent door.
  1660 | D:2      | Noticed Crazy Yiuf
  2018 | D:3      | Learned a level 2 spell: Momentum Strike
  2021 | D:3      | Found a snail-covered altar of Cheibriados.
  2087 | D:3      | Reached XP level 5. HP: 32/32 MP: 9/9
  2089 | D:3      | Reached skill level 1 in Stealth
  2154 | D:3      | Reached skill level 1 in Short Blades
  2180 | D:3      | Reached ** piety under Makhleb
  2290 | D:3      | Found a blossoming altar of Fedhas.
  2291 | D:3      | Found an opulent altar of Gozag.
  2292 | D:3      | Found a radiant altar of Vehumet.
  2292 | D:3      | Found a shimmering blue altar of Sif Muna.
  2646 | D:4      | Noticed Natasha
  2656 | D:4      | Killed Natasha
  2715 | D:4      | Noticed Natasha
  2718 | D:4      | Reached XP level 6. HP: 38/38 MP: 10/10
  2746 | D:4      | HP: 1/38 [cerulean imp/+0 spear[Natasha] (3)]
  2752 | D:4      | Killed Natasha
  3073 | D:4      | Noticed Natasha
  3083 | D:4      | Killed Natasha
  3123 | D:4      | Reached *** piety under Makhleb
  3273 | D:4      | Reached XP level 7. HP: 44/44 MP: 11/11
  3684 | D:5      | Entered Level 5 of the Dungeon
  3704 | D:5      | Reached skill level 5 in Fighting
  3716 | D:5      | Found a glowing golden altar of the Shining One.
  3742 | D:5      | Noticed Grinder
  3750 | D:5      | Paralysed by Grinder for 2 turns
  3762 | D:5      | Paralysed by Grinder for 2 turns
  3773 | D:5      | Killed Grinder
  3864 | D:5      | Reached XP level 8. HP: 40/51 MP: 12/12
  3866 | D:5      | Reached skill level 5 in Stealth
  3926 | D:5      | Found Acogot's General Store.
  4039 | D:5      | Found an iron altar of Okawaru.
  4041 | D:5      | Found a sand-covered staircase.
  4046 | Ossuary  | Entered an ossuary
  4076 | Ossuary  | Slain by a mummy

Illustrated notes

Levels and vault maps discovered:
D:1:      dpeg_arrival_shrine, layout_loops_ring, serial_shops,
          nicolae_shop_bloodbath_and_beyond, st_stairs_8
D:2:      layout_basic, hellmonk_ecumenical_altar_lost_god,
          minmay_strange_pillars, minmay_misc_feat_four_crosses,
          uniq_crazy_yiuf_cottage
D:3:      layout_basic, cheibriados_altar_1, mainiacjoe_overflow_alcove_3,
          serial_glass, glass_columns_c, glass_columns_a, feat_on_display,
          due_unseen_surprise, st_stairs_6
D:4:      layout_basic, cheibrodos_gnoll_hut, uniq_natasha
D:5:      layout_rooms, tso_oasis_becter, lemuel_round_altar, serial_shops,
          shop, enter_ossuary_2, dreamdust_princess_corridor, uniq_grinder
Ossuary:  ossuary_zaba_flooded

Skill      XL: |  1  2  3  4  5  6  7  8 |
---------------+-------------------------+-----
Axes           | 3 |  3.2
Fighting       | 3 4 5 |  5.9
Conjurations   | 4 |  4.0
Stealth        | 2 3 4 5 |  5.2
Short Blades   | 1 2 3 4 |  4.0
Dodging        | |  1.6
Spellcasting   | |  2.7
Invocations    | |  0.1

Action                     |  1- 3 |  4- 6 |  7- 9 || total
---------------------------+-------+-------+-------++-------
  Melee: Hand axe          |   102 |    15 |       ||   117
         Dagger            |       |   184 |   115 ||   299
         Punch             |       |     3 |     3 ||     6
   Cast: Momentum Strike   |       |       |     2 ||     2
 Invoke: Lesser Servant of |       |       |     1 ||     1
    Use: Potion            |     1 |     3 |     1 ||     5
         Scroll            |       |     7 |     5 ||    12
   Stab: Invisible         |     5 |       |       ||     5
         Sleeping          |       |     3 |     3 ||     6
 Armour: Leather armour    |    59 |   153 |    93 ||   305
         Skin              |       |       |    31 ||    31
  Dodge: Dodged            |    69 |   123 |    61 ||   253
